 Dungeon Crawl Stone Soup version 0.29-a0-490-g77b3608bb8 (webtiles) character file.

Game seed: 9151466583762524314

19 powerkranz the Covered (level 2, -1/27 HPs)
             Began as a Minotaur Fighter on May 26, 2022.
             Killed from afar by Sigmund (2 damage)
             ... with a magic dart
             ... on level 2 of the Dungeon.
             The game lasted 00:02:57 (938 turns).

powerkranz the Covered (Minotaur Fighter)            Turns: 938, Time: 00:02:57

Health: -1/27      AC:  7    Str: 20    XL:     2   Next: 55%
Magic:  1/1        EV:  9    Int:  5    God:
Gold:   38         SH:  4    Dex:  9    Spells: 1/1 levels left

rFire   . . .      SeeInvis .   a - +0 trident
rCold   . . .      Faith    .   c - +0 buckler
rNeg    . . .      Spirit   .   b - +0 scale mail
rPois   .          Reflect  .   (helmet restricted)
rElec   .          Harm     .   (no cloak)
rCorr   .          Rampage  .   (no gloves)
Will    .....                   (no boots)
Stlth   ..........              (no amulet)
HPRegen 0.09/turn               (no ring)
MPRegen 0.07/turn               (no ring)

@: no status effects
A: horns 2, retaliatory headbutt
a: no special abilities


You were on level 2 of the Dungeon.
You visited 1 branch of the dungeon, and saw 2 of its levels.

You collected 38 gold pieces.

Inventory:

Hand Weapons
 a - a +0 trident (weapon)
Armour
 b - a +0 scale mail (worn)
 c - a +0 buckler (worn)
 e - a +0 ring mail
Jewellery
 h - a ring of protection from cold
Scrolls
 f - a scroll of identify {unknown}
 i - a scroll of poison {unknown}
 j - a scroll of vulnerability {unknown}
Potions
 d - a potion of might
 g - a potion of curing {unknown}
 k - a potion of haste {unknown}


   Skills:
 + Level 3.9 Fighting
 + Level 2.7 Polearms
 + Level 4.0 Armour
 + Level 3.9 Shields


You had one spell level left.
You didn't know any spells.
Your spell library was empty.

Dungeon Overview and Level Annotations

Branches:
Dungeon (2/15)

Altars:

Shops:
D:2 :

Annotations:
D:2 Sigmund


Innate Abilities, Weirdness & Mutations

You have a pair of horns on your head.
You reflexively headbutt those who attack you in melee.


Message History

You're too confused to move!
The rat barely misses you.
You barely miss the rat. Your headbutt misses the rat.
The rat completely misses you.
You barely miss the rat. You headbutt the rat.
You kill the rat!
You feel less confused. Something hits you.
Something hits you but does no damage.
No target in view!
No target in view!
No target in view!
No target in view!
No target in view!
No target in view!
No target in view!
You miss something. You block something's attack.
You puncture something! You closely miss something.
You block something's attack.
You hit something. Something hits you but does no damage.
Press: ? - help, v - describe, . - travel, g - get item Item here: a giant cockroach corpse.
The floor, spattered with blood.
You closely miss something. Something hits you.
You barely miss something. Something hits you!
You miss something. Something hits you.
* * * LOW HITPOINT WARNING * * *
You puncture something! You hit something but do no damage.
You hear some strange, mumbled words.
Something tries to affect you, but you resist.
You hear some strange, mumbled words.
A magic dart appears from out of thin air!
The magic dart hits you.
* * * LOW HITPOINT WARNING * * *
Something hits you.
* * * LOW HITPOINT WARNING * * *
Unknown command.
A magic dart appears from out of thin air!
The magic dart hits you.
You die...

#.........#.####.#. #
#.........# #.#.
#.###.........#.####.##
.............#........
#.....{....######.##
#..........# #.#.
##.........# #.#.
#..######.# #.#. ##@##
#.######.##
#..#####..........
#.....##.######.##
#.....##.#+####.#
#.....##......#.#
#.....##......'.#
#.....##......###
##...)........#
#.......######


There were no monsters in sight!

Vanquished Creatures
  2 endoplasms (D:1)
  A giant cockroach (D:2)
  2 goblins (D:1)
  A hobgoblin (D:1)
  A quokka (D:1)
  3 ball pythons
  2 bats (D:1)
  2 frilled lizards (D:1)
  2 kobolds
  3 rats
19 creatures vanquished.

Notes
Turn   | Place    | Note
-------+----------+-------------------------------------------
     0 | D:1      | powerkranz the Minotaur Fighter began the quest for the
                  | Orb.
     0 | D:1      | Reached XP level 1. HP: 19/19 MP: 0/0
   210 | D:1      | Found a faded altar of an unknown god.
   376 | D:1      | Reached XP level 2. HP: 27/27 MP: 1/1
   510 | D:1      | Reached skill level 4 in Armour
   814 | D:2      | Found Podoac's Book Boutique.
   917 | D:2      | Noticed Sigmund
   936 | D:2      | HP: 1/27 [something (4)]
   938 | D:2      | Killed from afar by Sigmund

Illustrated notes

Levels and vault maps discovered:
D:1:      sevenhm_arrival_forest_fort_small_6, layout_loops_ring,
          hellmonk_ecumenical_altar_slurped_away, serial_bayou_pond_e,
          minmay_pentomino_z4
D:2:      layout_basic, serial_shops, nicolae_shop_competitors_out_of_business,
          kennysheep_generic_room_12, uniq_sigmund

Skill      XL: |  1  2 |
---------------+-------+-----
Armour         | 4 |  4.0
Fighting       | |  3.9
Polearms       | |  2.7
Shields        | |  3.9

Action                   || total
-------------------------++-------
Melee: Trident           ||    51
       Headbutt          ||     2
Armor: Scale mail        ||    17
Dodge: Dodged            ||    17
Block: Buckler           ||     4

Table legend: (Time is in decaauts)
 A = Elapsed time spent in this place.
 B = Non-inter-level travel time spent in this place.
 C = Inter-level travel time spent in this place.
 D = Time resting spent in this place.
 E = Time spent auto-exploring this place.
 F = Levels seen in this place.
 G = Mean time per level.
                   A        B        C        D        E       F      G
               +--------+--------+--------+--------+--------+-----+--------+
         Total |    949 |    917 |     32 |      0 |    747 |   2 |  474.5 |
       Dungeon |    949 |    917 |     32 |      0 |    747 |   2 |  474.5 |
               +--------+--------+--------+--------+--------+-----+--------+

Top non-repeatable levels by time:
     D:1: 817 daAuts
     D:2: 131 daAuts
